Map: New Gettysburg LE

Players

Wakizashi

  • Race: Protoss Protoss
  • League: Silver

Templarfreak - Winner!

  • Race: Terran Terran

VOD

Have the link to the VOD?

Description

Time

  • Played on: Aug. 11, 2016, 4:52 p.m.
  • Length: 12:01
Show
View Real Time Build Order
Export as new Build Order

Wakizashi Protoss 

Build Orders:  

Get SALT Encoding   

  12  0:13  Probe (Chrono Boost)  
  12  0:14  Pylon  
  13  0:24  Probe (Chrono Boost)  
  14  0:34  Probe (Chrono Boost)  
  15  0:38  Gateway  
  15  0:43  Assimilator  
  15  0:46  Probe (Chrono Boost)  
  17  0:57  Probe (Chrono Boost)  
  17  1:13  Probe (Chrono Boost)  
  18  1:23  Probe (Chrono Boost)  
  19  1:31  Cybernetics Core  
  19  1:34  Probe (Chrono Boost)  
  19  1:39  Cybernetics Core  
  20  1:44  Probe (Chrono Boost)  
  21  1:55  Probe (Chrono Boost)  
  22  2:10  Nexus  
  22  2:16  Twilight Council  
  22  2:17  Warp Gate  
  22  2:19  Pylon  
  22  2:25  Probe (Chrono Boost)  
  22  2:27  Assimilator  
  23  2:37  Adept  
  25  3:02  Probe (Chrono Boost)  
  27  3:14  Probe (Chrono Boost)  
  27  3:15  Robotics Facility  
  27  3:19  Gateway x2  
  27  3:26  Probe (Chrono Boost)  
  29  3:34  Mothership Core (Chrono Boost)  
  30  3:36  Probe (Chrono Boost)  
  30  3:40  Adept  
  34  3:48  Probe (Chrono Boost)  
  34  3:53  Probe (Chrono Boost)  
  35  3:59  Robotics Facility  
  35  4:16  Immortal  
  35  4:17  Gateway  
  35  4:22  Probe (Chrono Boost)  
  40  4:26  Assimilator  
  40  4:27  Probe (Chrono Boost)  
  41  4:34  Probe (Chrono Boost)  
  43  4:39  Probe (Chrono Boost)  
  43  4:42  Resonating Glaives  
  44  4:47  Probe (Chrono Boost)  
  44  4:50  Warp Prism  
  46  5:03  Pylon  
  46  5:06  Pylon  
  46  5:14  Pylon  
  46  5:16  Immortal  
  50  5:33  Gateway x2  
  50  5:36  Gateway  
  50  5:38  Forge  
  50  6:02  Immortal  
  46  6:32  Warp Prism  
  40  6:34  Pylon  
  40  6:35  Photon Cannon  
  40  6:38  Immortal, Photon Cannon  
  46  7:03  Adept  
  46  7:04  Adept  
  46  7:06  Adept  
  44  7:11  Adept  
  44  7:12  Adept  
  44  7:14  Observer  
  48  7:20  Protoss Ground Weapons Level 1  
  49  7:42  Forge  
  49  7:48  Assimilator  
  49  8:06  Adept  
  51  8:23  Photon Cannon  
  51  8:25  Photon Cannon  
  45  8:51  Zealot  
  45  8:52  Zealot x3  
  45  8:53  Zealot  
  49  9:00  Protoss Ground Armor Level 1  
  45  9:05  Pylon  
  45  9:06  Immortal  
  45  9:08  Photon Cannon  
  43  9:10  Immortal  
  43  9:57  Zealot x4  
  43  9:58  Zealot x3  
  37  10:09  Photon Cannon  
  27  10:19  Nexus, Immortal x2  
  35  10:21  Adept x2  
  35  10:22  Adept x3  
  35  10:24  Adept  
  39  11:11  Observer  
  39  11:15  Immortal  
Show
View Real Time Build Order
Export as new Build Order

Templarfreak Terran - Winner!

Build Orders: Mech 

Get SALT Encoding   

  12  0:01  SCV  
  13  0:15  SCV  
  14  0:26  Supply Depot  
  14  0:27  SCV  
  15  0:37  Refinery  
  15  0:48  SCV  
  15  0:49  Barracks  
  16  0:54  Supply Depot  
  16  1:05  SCV  
  17  1:17  SCV  
  18  1:29  SCV  
  19  1:34  Refinery  
  19  1:41  SCV  
  20  1:52  Factory  
  20  1:53  SCV  
  22  2:08  Orbital Command  
  21  2:20  Barracks Tech Lab  
  21  2:34  SCV  
  22  2:56  Factory, SCV  
  22  2:58  Siege Tank  
  26  2:59  Barracks Tech Lab  
  26  3:08  Command Center, SCV  
  27  3:20  SCV  
  28  3:29  Widow Mine  
  28  3:32  SCV  
  31  3:47  Factory  
  31  3:49  Barracks Reactor  
  31  3:55  Supply Depot  
  31  3:56  Supply Depot  
  31  3:57  Supply Depot  
  31  4:16  Widow Mine  
  31  4:17  SCV  
  31  4:19  Widow Mine  
  36  4:29  SCV  
  37  4:41  Orbital Command  
  37  4:46  Siege Tank  
  37  4:48  Siege Tank  
  37  4:49  Supply Depot  
  37  4:51  Armory  
  43  4:56  Widow Mine x2  
  47  5:19  Siege Tank  
  50  5:22  SCV  
  50  5:24  Orbital Command  
  51  5:34  SCV  
  52  5:38  Drilling Claws  
  52  6:15  Terran Vehicle Weapons Level 1  
  43  6:30  Widow Mine x2  
  43  6:32  Siege Tank  
  50  6:55  Siege Tank  
  50  6:57  SCV  
  52  7:09  Refinery, SCV  
  52  7:10  Refinery  
  51  7:21  SCV  
  50  7:33  SCV  
  51  7:43  Siege Tank  
  54  7:45  Siege Tank, Widow Mine x2, SCV  
  62  7:58  Command Center  
  62  8:02  Command Center  
  62  8:03  Command Center  
  62  8:13  Widow Mine  
  62  8:14  Widow Mine  
  62  8:17  Siege Tank  
  64  9:08  Hellbat  
  64  9:09  Hellbat  
  68  9:10  Siege Tank x2  
  68  9:14  Orbital Command  
  68  9:16  Command Center, Orbital Command  
  74  9:18  Orbital Command  
  74  9:30  Hellbat x2  
  72  9:50  Orbital Command  
  58  10:01  Siege Tank x2  
  58  10:03  Hellbat x2  
  68  10:26  Refinery  
  68  10:31  Refinery  
  68  10:33  Siege Tank  
  71  10:42  Orbital Command  
  71  10:50  Orbital Command  
  71  11:01  Orbital Command  
Tags
 
Composition
Mech
League
Silver
Matchup
PvT
Add a new tag
Caveats
  • Supply blocks, unpowered buildings, or Contaminate may cause inaccurate times.
  • Supply counts are checked every 10 seconds.